 Dungeon Crawl Stone Soup version 0.30-a0-782-ge64f9170bb (webtiles) character file.

Game seed: 8264372937566860119

74 mopl the Covered (level 4, 0/29 HPs)
             Began as a Gargoyle Fighter on Mar 9, 2023.
             Slain by an iguana (1 damage)
             ... on level 3 of the Dungeon.
             The game lasted 00:01:40 (1575 turns).

mopl the Covered (Gargoyle Fighter)                 Turns: 1575, Time: 00:01:40

Health: 0/29       AC: 16    Str: 20    XL:     4   Next: 30%
Magic:  4/4        EV:  5    Int:  8    God:
Gold:   69         SH:  4    Dex: 11    Spells: 3/3 levels left

rFire   . . .      SeeInvis .    a - +0 flail
rCold   + . .      Faith    .    c - +0 buckler
rNeg    + . .      Spirit   .    e - +0 plate armour
rPois   ∞          Reflect  .    h - +0 helmet
rElec   +          Harm     .    (no cloak)
rCorr   .          Rampage  .    (no gloves)
Will    .....                    (no boots) Stlth
                                 (no amulet)
HPRegen 0.24/turn                n - ring of protection from cold
MPRegen 0.09/turn                (no ring)

@: no status effects
A: sickness immunity, AC +3, negative energy resistance 1, electricity
resistance, torment resistance 1, petrification resistance
a: no special abilities


You were on level 3 of the Dungeon.
You visited 1 branch of the dungeon, and saw 3 of its levels.

You collected 69 gold pieces.

Inventory:

Hand Weapons
 a - a +0 flail (weapon)
Armour
 c - a +0 buckler (worn)
 e - a +0 plate armour (worn)
 h - a +0 helmet (worn)
Jewellery
 n - a ring of protection from cold (left hand)
Scrolls
 b - a scroll of noise {unknown}
 f - 2 scrolls of amnesia {unknown}
 i - a scroll of identify {unknown}
 j - a scroll of torment {unknown}
 k - a scroll of butterflies {unknown}
 l - a scroll of silence {unknown}
 m - a scroll of fog {unknown}
 o - a scroll of enchant armour {unknown}
Potions
 d - a potion of might
 g - a potion of mutation {unknown}


   Skills:
 + Level 3.8 Fighting
 * Level 3.2 Maces & Flails
 + Level 3.8 Armour
 + Level 1.1 Dodging
 - Level 3.2 Shields


You had 3 spell levels left.
You didn't know any spells.
Your spell library was empty.

Dungeon Overview and Level Annotations

Branches:
Dungeon (3/15)

Altars:


Innate Abilities, Weirdness & Mutations

You are immune to sickness and miasma.
Your stone body is resilient. (AC +3)
You are immune to poison.
You resist negative energy. (rN+)
You are resistant to electric shocks. (rElec)
You are resistant to unholy torment.
You are immune to petrification.


Message History

You are too injured to fight recklessly!
You are too injured to fight recklessly!
You are too injured to fight recklessly!
You are too injured to fight recklessly!
You are too injured to fight recklessly!
You closely miss the iguana.
The iguana is moderately wounded.
The iguana bites you.
* * * LOW HITPOINT WARNING * * *
You thump the iguana!
The iguana is almost dead.
The iguana bites you but does no damage.
You barely miss the iguana.
The iguana is almost dead.
You block the iguana's attack.
The iguana bites you but does no damage.
You barely miss the iguana.
The iguana is almost dead.
The iguana hisses menacingly.
The iguana bites you.
* * * LOW HITPOINT WARNING * * *
You hit the iguana.
The iguana is almost dead.
The iguana bites you.
* * * LOW HITPOINT WARNING * * *
You barely miss the iguana.
The iguana is almost dead.
You block the iguana's attack.
The iguana bites you but does no damage.
You hit the iguana but do no damage.
The iguana is almost dead.
The iguana barely misses you.
You barely miss the iguana.
The iguana is almost dead.
The iguana bites you.
* * * LOW HITPOINT WARNING * * *
You hit the iguana but do no damage.
The iguana is almost dead.
The iguana bites you.
You die...

#...#........###.##.......†..#
######.###.......##..........#
#####..###..................##
......#....#####.............#
.#......#### #.............#
.#.###### #..#..........# .#.#
#..#..........# ...#
#............... .###
#@###.........#.. .#
#.l.###........... ##
#..#..#####....... # ...# #.#
##..... #.## .# #. .# # #


You could see an iguana.

Vanquished Creatures
  3 adders (D:3)
  A worm (D:2)
  3 ball pythons
  6 endoplasms
  2 giant cockroaches (D:3)
  3 goblins
  5 hobgoblins
  2 jackals (D:1)
  3 quokkas
  5 bats
  3 frilled lizards
  3 kobolds
  2 rats (D:2)
41 creatures vanquished.

Notes
Turn   | Place    | Note
-------+----------+-------------------------------------------
     0 | D:1      | mopl the Gargoyle Fighter began the quest for the Orb.
     0 | D:1      | Reached XP level 1. HP: 14/14 MP: 1/1
   179 | D:1      | Reached XP level 2. HP: 19/19 MP: 2/2
   940 | D:2      | Reached XP level 3. HP: 23/23 MP: 3/3
  1364 | D:3      | Reached skill level 1 in Dodging
  1377 | D:3      | Reached skill level 3 in Maces & Flails
  1408 | D:3      | Reached XP level 4. HP: 24/29 MP: 4/4
  1571 | D:3      | HP: 1/29 [iguana (2)]
  1575 | D:3      | Slain by an iguana

Illustrated notes

Levels and vault maps discovered:
D:1:      lightli_arrival_flooded_house, layout_loops_corners,
          serial_bayou_lagoon_a, minmay_misc_feat_ornament
D:2:      layout_rooms
D:3:      layout_rooms, jmf_multi_god_temple, serial_shops, shop

Skill      XL: |  1  2  3 |
---------------+----------+-----
Dodging        | 1 |  1.1
Maces & Flails | 3 |  3.2
Fighting       | |  3.8
Armour         | |  3.8
Shields        | |  3.2

Action                     |  1- 3 |  4- 6 || total
---------------------------+-------+-------++-------
  Melee: Flail             |   110 |    30 ||   140
 Armour: Plate armour      |    82 |    19 ||   101
         Scale mail        |     2 |       ||     2
  Dodge: Dodged            |    34 |     8 ||    42
  Block: Buckler           |    24 |     2 ||    26

Table legend: (Time is in decaauts)
 A = Elapsed time spent in this place.
 B = Non-inter-level travel time spent in this place.
 C = Inter-level travel time spent in this place.
 D = Time resting spent in this place.
 E = Time spent auto-exploring this place.
 F = Levels seen in this place.
 G = Mean time per level.
                   A        B        C        D        E       F      G
               +--------+--------+--------+--------+--------+-----+--------+
         Total |   1617 |   1563 |     54 |      0 |   1220 |   3 |  539.0 |
       Dungeon |   1617 |   1563 |     54 |      0 |   1220 |   3 |  539.0 |
               +--------+--------+--------+--------+--------+-----+--------+

Top non-repeatable levels by time:
     D:1: 933 daAuts
     D:2: 442 daAuts
     D:3: 241 daAuts
